 Dungeon Crawl Stone Soup version 0.27.1-33-g824d729ab1 (webtiles) character file.

Game seed: 390962188918513027

16 Grabarz the Sneak (level 2, 0/14 HPs)
             Began as a Felid Delver on Dec 3, 2021.
             Succumbed to an adder's poison
             ... on level 2 of the Dungeon.
             The game lasted 00:18:17 (2187 turns).

Grabarz the Sneak (Felid Delver)                    Turns: 2187, Time: 00:18:18

Health: 0/14       AC:  1    Str:  8    XL:     2   Next: 41%
Magic:  1/3        EV: 17    Int: 11    God:
Gold:   84         SH:  0    Dex: 17    Spells: 1/1 levels left
                                        Lives:  0   Deaths: 0

rFire    . . .     SeeInvis +     - Unarmed
rCold    . . .     Faith    .   (shield unavailable)
rNeg     . . .     Spirit   +   (armour unavailable)
rPois    .         Reflect  .   (helmet unavailable)
rElec    .         Harm     .   (cloak unavailable)
rCorr    .         Rampage  .   (gloves unavailable)
Will     .....                  (boots unavailable)
Stlth    ++++......             g - amulet of guardian spirit
HPRegen  0.04/turn              (no ring)
MPRegen  0.08/turn              (no ring)

@: lethally poisoned (0 -> -5), quick
A: very small, claws 1, fangs 3, see invisible, speed 1, shaggy fur 1, stealthy
paws, no weapons or thrown items, no armour, multi-lived
a: no special abilities


You were on level 2 of the Dungeon.
You visited 2 branches of the dungeon, and saw 6 of its levels.

You collected 84 gold pieces.

Inventory:

Jewellery
 g - an amulet of guardian spirit (around neck)
Wands
 e - a wand of digging (3)
Scrolls
 a - a scroll of fog
 b - a scroll of magic mapping
 c - 2 scrolls of fear
 j - a scroll of vulnerability {unknown}
 k - a scroll of identify {unknown}
 l - a scroll of summoning {unknown}
Potions
 d - 2 potions of haste
 f - a potion of degeneration {unknown}
 h - a potion of curing {unknown}
 i - a potion of magic {unknown}


   Skills:
 + Level 3.2 Fighting
 + Level 2.7 Dodging
 + Level 7.1 Stealth
 + Level 2.1 Unarmed Combat


You had one spell level left.
You didn't know any spells.
Your spell library contained the following spells:

 Spells                   Type           Power      Damage    Failure   Level
 Stone Arrow              Conj/Erth      0%         3d7       71%         3
 Bolt of Magma            Conj/Fire/Erth 0%         4d4       100%        5
 Shatter                  Erth           0%         3d5*      100%        9


Dungeon Overview and Level Annotations

Branches:
Dungeon (5/15)             Temple (1/1) D:5

Altars:
Gozag
Hepliaklqana
Kikubaaqudgha
Nemelex Xobeh
Sif Muna
Trog
Xom
Yredelemnul
Zin

Annotations:
D:3 3 runed translucent doors, stil's ghost, amateur MfIE


Innate Abilities, Weirdness & Mutations

You have sharp claws.
You have razor-sharp teeth.
You have supernaturally acute eyesight. (SInv)
You cover ground quickly. (Speed+)
You are covered in fur. (AC +1)
Your paws help you pounce on unaware monsters.
You are incapable of wielding weapons or throwing items.
You cannot wear armour.
You gain extra lives every three experience levels.


Message History

You scratch the endoplasm.
You kill the endoplasm!
The adder closely misses you.
You miss the adder. Your bite misses the adder. The adder closely misses you.
You scratch the adder.
The adder is lightly wounded.
The adder bites you.
You are poisoned.
The adder poisons you!
You barely miss the adder.
The adder is lightly wounded.
You feel sick. The adder closely misses you.
You scratch the adder but do no damage.
The adder is lightly wounded.
You feel sick. The adder misses you. The adder closely misses you.
You miss the adder.
The adder is lightly wounded.
You feel sick. The adder closely misses you.
You closely miss the adder.
The adder is lightly wounded.
You feel sick. The adder completely misses you.
You scratch the adder.
The adder is heavily wounded.
You feel sick. The adder closely misses you.
You scratch the adder.
The adder is heavily wounded.
You feel sick. The adder closely misses you.
You barely miss the adder. Your bite misses the adder.
The adder is heavily wounded.
You feel sick.
You are no longer poisoned.
The adder bites you.
* * * LOW HITPOINT WARNING * * *
You are lethally poisoned!
The adder poisons you! The adder closely misses you.
As you read the scroll of fear, it crumbles to dust.
You assume a fearsome visage.
The adder looks frightened!
* * * LOW HITPOINT WARNING * * *
You feel sick.
You die...

#.#.......#
##.######.#
### #.# #.#
#.# #.# #.#
#########.#
#.......#@#
#.......#.#
#.....?.#.#
#......[.S#
#.......###
#....w..#
#.......#
####.####
#.


You could see an adder (fleeing).

Vanquished Creatures
  An endoplasm (D:2)
  A giant cockroach (D:1)
  A goblin (D:1)
  3 hobgoblins (D:1)
  2 kobolds
  2 quokkas
  3 ball pythons
  A frilled lizard (D:1)
14 creatures vanquished.

Vanquished Creatures (others)
  3 plants (D:3)
3 creatures vanquished.

Grand Total: 17 creatures vanquished

Notes
Turn   | Place    | Note
-------+----------+-------------------------------------------
     0 | D:5      | Grabarz the Felid Delver began the quest for the Orb.
     0 | D:5      | Reached XP level 1. HP: 10/10 MP: 2/2
    24 | D:5      | Noticed a hound
    49 | D:5      | Found a staircase to the Ecumenical Temple.
    75 | Temple   | Entered the Ecumenical Temple
   540 | D:4      | Noticed an orc wizard
   545 | D:4      | Noticed a necrophage
   789 | D:3      | Found a runed translucent gate.
   789 | D:3      | Found a runed translucent gate.
   790 | D:3      | Noticed stil's ghost (amateur MfIE)
   790 | D:3      | Noticed a kobold brigand
   791 | D:3      | Found a runed translucent gate.
   816 | D:3      | Noticed a gnoll shaman
  1521 | D:1      | Reached XP level 2. HP: 14/14 MP: 3/3
  1529 | D:1      | Found a faded altar of an unknown god.
  1704 | D:1      | Reached skill level 7 in Stealth
  2187 | D:2      | Succumbed to an adder's poison

Illustrated notes

Levels and vault maps discovered:
D:1:      ebering_trefoil_twist, layout_basic,
          shapermc_ecumenical_altar_mp_highgroup
D:2:      layout_loops_ring, kennysheep_generic_room_11, uniq_sigmund,
          uniq_jessica
D:3:      layout_loops_ring, gammafunk_ghost_nasty_kobolds
D:4:      layout_basic, cheibrodos_sewer_entry_drain, minmay_between
D:5:      layout_loops_ring, serial_shops, kennysheep_mini_moat, uniq_grinder,
          uniq_blork_the_orc
Temple:   compressed_dpeg_triangle_lava_temple

Skill      XL: |  1  2 |
---------------+-------+-----
Stealth        | 7 |  7.1
Fighting       | |  3.2
Dodging        | |  2.7
Unarmed Combat | |  2.1

Action                   || total
-------------------------++-------
Melee: Unarmed           ||    52
       Bite              ||     1
  Use: Scroll            ||     1
 Stab: Sleeping          ||     3
Armor: Skin              ||     2
Dodge: Dodged            ||    29
